 Dungeon Crawl Stone Soup version 0.28.0-53-g5a82cb258f (webtiles) character file.

Game seed: 2852020329862334211

95 KittyFluff the Skirmisher (level 4, -9/43 HPs)
             Began as a Gargoyle Berserker on June 5, 2022.
             Was a Priest of Trog.
             Mangled by an ogre
             ... wielding a +0 giant spiked club
              (10 damage)
             ... on level 3 of the Dungeon on June 12, 2022.
             The game lasted 00:09:22 (2041 turns).

KittyFluff the Skirmisher (Gargoyle Berserker)      Turns: 2041, Time: 00:09:23

Health: -9/43      AC:  6    Str: 20    XL:     4   Next: 66%
Magic:  4/4        EV: 12    Int:  8    God:    Trog [***...]
Gold:   128        SH:  0    Dex: 11    Spells: 3/3 levels left

rFire   . . .      SeeInvis .   a - +0 mace
rCold   . . .      Faith    .   (no shield)
rNeg    + + .      Spirit   .   b - +0 animal skin
rPois   ∞          Reflect  .   (no helmet)
rElec   +          Harm     .   (no cloak)
rCorr   .          Rampage  .   (no gloves)
Will    .....                   f - +0 pair of boots
Stlth   ..........              (no amulet)
HPRegen 0.14/turn               l - ring of positive energy
MPRegen 0.09/turn               (no ring)

@: berserking, very quick
A: sickness immunity, AC +3, negative energy resistance 1, electricity
resistance, torment resistance 1, petrification resistance
a: Renounce Religion, Berserk, Trog's Hand


You were on level 3 of the Dungeon.
You worshipped Trog.
Trog was most pleased with you.
You visited 1 branch of the dungeon, and saw 3 of its levels.

You collected 128 gold pieces.

Inventory:

Hand Weapons
 a - a +0 mace (weapon)
 h - a +0 hunting sling
Missiles
 c - 43 bolts
 i - 5 poisoned darts (quivered)
 j - 9 sling bullets
Armour
 b - a +0 animal skin (worn)
 f - a +0 pair of boots (worn)
Magical Staves
 d - a staff of fire
Jewellery
 l - a ring of positive energy (left hand)
Wands
 o - a wand of iceblast (12)
Scrolls
 e - 2 scrolls of amnesia {unknown}
 g - 2 scrolls of identify {unknown}
 n - a scroll of immolation {unknown}
Potions
 k - 2 potions of degeneration {unknown}
 m - a potion of might


   Skills:
 + Level 4.1 Fighting
 + Level 4.1 Maces & Flails
 * Level 2.9 Armour
 + Level 1.9 Dodging
 + Level 0.2 Stealth


You had 3 spell levels left.
You didn't know any spells.
Your spell library was empty.

Dungeon Overview and Level Annotations

Branches:
Dungeon (3/15)

Altars:

Shops:
D:3 *


Innate Abilities, Weirdness & Mutations

You are immune to sickness and miasma.
Your stone body is resilient. (AC +3)
You are immune to poison.
You resist negative energy. (rN+)
You are resistant to electric shocks. (rElec)
You are resistant to unholy torment.
You are immune to petrification.


Message History

The giant cockroach bites you but does no damage.
You completely miss the hobgoblin.
The giant cockroach bites you but does no damage.
The hobgoblin closely misses you.
You sock the hobgoblin!
You kill the hobgoblin!
Trog accepts your kill. The giant cockroach misses you.
The giant cockroach bites you but does no damage.
You see here a hobgoblin corpse.
You barely miss the giant cockroach.
The giant cockroach bites you but does no damage.
You hit the giant cockroach.
You kill the giant cockroach!
Trog accepts your kill.
You hear the rusting of a very distant drain.
You see here a hobgoblin corpse.
o - a wand of iceblast (12)
Found 25 arrows.
Found a stone staircase leading up.
Found a ring mail.
An ogre comes into view. It is wielding a +0 giant spiked club.
The ogre shouts!
The ogre hits you with a +0 giant spiked club!
Ouch! That really hurt!
A red film seems to cover your vision as you go berserk!
You feel yourself moving faster!
You feel mighty!
You sock the ogre!
The ogre is moderately wounded.
The ogre barely misses you.
You barely miss the ogre.
The ogre is moderately wounded.
The ogre hits you with a +0 giant spiked club!!
* * * LOW HITPOINT WARNING * * *
You hit the ogre.
The ogre is heavily wounded.
You barely miss the ogre.
The ogre is heavily wounded.
The ogre hits you with a +0 giant spiked club!
You die...

#. ### #.##.. #### #.##.# ..#
#.##.# ######.############.##.#
.......O..........#.##.#
#########.@#########.#.##.# ...
........(................># #..
###................†#..# #..
####...#....#######..#..#
#..#####......##...............#
##..#.........<.#...#######..#..#
.......###.#[..##...# #####......
....#......#...# #.## #..........
...............# .. #.###......


You could see an ogre.

Vanquished Creatures
  3 adders
  4 dart slugs
  3 bats (D:1)
  4 endoplasms
  4 giant cockroaches
  9 goblins
  5 hobgoblins
  3 kobolds
  3 quokkas
  9 ball pythons
  3 frilled lizards (D:1)
  5 rats
55 creatures vanquished.

Vanquished Creatures (others)
  3 plants (D:1)
  A withered plant (D:1)
4 creatures vanquished.

Grand Total: 59 creatures vanquished

Notes
Turn   | Place    | Note
-------+----------+-------------------------------------------
     0 | D:1      | KittyFluff the Gargoyle Berserker began the quest for the
                  | Orb.
     0 | D:1      | Reached XP level 1. HP: 14/14 MP: 1/1
    75 | D:1      | Reached XP level 2. HP: 15/19 MP: 2/2
   339 | D:1      | Found a faded altar of an unknown god.
   517 | D:1      | Reached ** piety under Trog
   542 | D:1      | Reached XP level 3. HP: 23/24 MP: 3/3
  1041 | D:2      | Reached XP level 4. HP: 12/29 MP: 4/4
  1710 | D:3      | Found Voec Wia's Assorted Antiques.
  1958 | D:3      | Reached *** piety under Trog
  2033 | D:3      | Noticed an ogre
  2039 | D:3      | HP: 1/43 [ogre/+0 giant spiked club (21)]
  2041 | D:3      | Mangled by an ogre

Illustrated notes

Levels and vault maps discovered:
D:1:      wander_arrival_estate, layout_loops_ring,
          shapermc_ecumenical_altar_flowoftime
D:2:      layout_basic, hangedman_decor_push
D:3:      layout_basic, chequers_temple_overflow_minitemple, serial_shops,
          nicolae_shop_overgrown_old_shop, gup_sewer_entry_spiral,
          kennysheep_cluttered_room, minmay_misc_feat_columns, uniq_terence

Skill      XL: |  1  2  3  4 |
---------------+-------------+-----
Fighting       | 4 |  4.1
Maces & Flails | 4 |  4.1
Armour         | |  2.9
Dodging        | |  1.9
Stealth        | |  0.2

Action                   |  1- 3 |  4- 6 || total
-------------------------+-------+-------++-------
Melee: Mace              |   110 |    57 ||   167
       Punch             |     1 |     1 ||     2
Invok: Berserk           |       |     1 ||     1
 Stab: Sleeping          |       |     1 ||     1
Armor: Animal skin       |    34 |    18 ||    52
Dodge: Dodged            |    57 |    36 ||    93
